 Dungeon Crawl Stone Soup version bcrawl-1.31.4 (webtiles) character file.

Game seed: 11815342067724748530

241095 Morbidden the Conjurer (level 7, 37/42 HPs)
             Began as a Fairy Conjurer on June 17, 2021.
             Quit the game on level 4 of the Dungeon.
             The game lasted 00:02:29 (2551 turns).

Morbidden the Conjurer (Fairy Conjurer)             Turns: 2551, Time: 00:02:29

Health: 37/42      AC:  6    Str:  6    XL:     7   Next: 5%
Magic:  1/16       EV: 17    Int: 20    God:
Gold:   181        SH:  5    Dex: 13    Spells: 5/16 levels left

rFire    . . .     SeeInvis .   a - +0 mace (protect)
rCold    . . .     Gourm    .   (shield restricted)
rNeg     . . .     Faith    .   (armour unavailable)
rPois    .         Spirit   .   (no helmet)
rElec    .         Reflect  .   c - +0 cloak
rCorr    .         Harm     .   (no gloves)
MR       .....                  (no boots)
Stlth    +.........             (no amulet)
HPRegen  0.14/turn              (no ring)
MPRegen  0.15/turn              (no ring)

@: flying evasively
A: small, magic attunement, unstealthy, unfitting armour, able to fly, AC/SH +5
a: Stop Flying


You were on level 4 of the Dungeon.
You were not hungry.

You visited 1 branch of the dungeon, and saw 4 of its levels.

You collected 181 gold pieces.

Inventory:

Hand Weapons
 a - a +0 mace of protection (weapon)
Armour
 c - a +0 cloak (worn)
 r - a cursed +0 pair of gloves
Jewellery
 g - an uncursed ring of protection from fire {unknown}
 n - a cursed ring of attention {unknown}
Scrolls
 i - 3 scrolls of identify
 m - 4 scrolls of remove curse
Potions
 b - a potion of magic
 h - a potion of might {unknown}
 k - a potion of haste {unknown}
 l - a potion of flight {unknown}
 p - a potion of ambrosia {unknown}
 q - 2 potions of curing {unknown}
Comestibles
 e - 2 rations {!d}
 f - 3 chunks of flesh


   Skills:
 * Level 0.6 Fighting
 * Level 3.7 Dodging
 - Level 1.8 Stealth
 * Level 5.2 Spellcasting
 * Level 7.9 Conjurations
 * Level 0.9 Transmutations


You had 5 spell levels left.
You knew the following spells:

 Your Spells              Type           Power        Failure   Level  Hunger
a - Iskenderun's Mystic   Conj           #####...     1%          3    None
b - Searing Ray           Conj           #####...     1%          2    None
c - Magic Dart            Conj           ####         1%          1    None
d - Irradiate             Conj/Tmut      ###.......   45%         5    None

Your spell library contained the following spells:

 Spells                   Type           Power        Failure   Level  Hunger
 Fulminant Prism          Conj/Hex       ###.......   22%         4    None


Dungeon Overview and Level Annotations

Branches:
Dungeon (4/12)             Temple (0/1) D:4

Altars:


Innate Abilities, Weirdness & Mutations

Your spells do not cause hunger and MP costs are reduced by 1.
Your bright wings attract enemies. (Stealth-)
You cannot fit into any form of body armour.
Your shimmering scales are hard and can block incoming attacks. (AC +5, SH +5)
You are small and have problems with some larger weapons.
You can fly continuously.


Message History

The orb of energy hits the sky beast!
The sky beast is moderately wounded.
The sky beast misses you.
Unknown command.
Casting: Iskenderun's Mystic Blast (safe; 1% risk of failure)
Confirm with . or Enter, or press ? or * to list all spells.
You don't have enough magic to cast that spell.
Unknown command.
Casting: Iskenderun's Mystic Blast (safe; 1% risk of failure)
Confirm with . or Enter, or press ? or * to list all spells.
You don't have enough magic to cast that spell.
Unknown command.
Casting: Iskenderun's Mystic Blast (safe; 1% risk of failure)
Confirm with . or Enter, or press ? or * to list all spells.
You don't have enough magic to cast that spell.
Unknown command.
No path to travel!
Are you sure you want to abandon this character and quit the game? (Confirm with "yes".)
Okay, then.
Are you sure you want to abandon this character and quit the game? (Confirm with "yes".)

#. #. # # #. #.
#.#.## ##
...#.#... ...
#....§.§# P...
#...§§#####.Y.>.
#..§@Y§§§§.....
#.###§§§§§....P
#§§§§§.....
#.§§§§..... ....
#.......... ...
#.......... ..S
####.###.## ..
.# ... #. #. ...
.


You could see a sky beast.

Vanquished Creatures
  Sigmund (D:2)
  A sky beast (D:3)
  A centaur zombie (D:4)
  A jelly (D:4)
  A worker ant (D:4)
  4 adders (D:3)
  2 worms
  3 dart slugs
  4 leopard geckos
  7 orcs (D:3)
  3 giant cockroaches
  3 goblins
  9 hobgoblins
  3 jackals (D:3)
  2 quokkas
  A ball python (D:2)
  4 bats
  3 frilled lizards
  9 kobolds
  5 rats
67 creatures vanquished.

Notes
Turn   | Place    | Note
-------+----------+-------------------------------------------
     0 | D:1      | Morbidden the Fairy Conjurer began the quest for the Orb.
     0 | D:1      | Reached XP level 1. HP: 11/11 MP: 6/6
    21 | D:1      | Reached skill level 5 in Conjurations
   109 | D:1      | Reached XP level 2. HP: 12/17 MP: 7/7
   270 | D:1      | Learned a level 2 spell: Searing Ray
   729 | D:1      | Reached XP level 3. HP: 21/21 MP: 9/9
   911 | D:2      | Noticed Sigmund
   920 | D:2      | Killed Sigmund
   921 | D:2      | Reached skill level 7 in Conjurations
   921 | D:2      | Reached XP level 4. HP: 21/27 MP: 4/11
   921 | D:2      | Reached XP level 5. HP: 24/31 MP: 4/12
  1098 | D:2      | Learned a level 3 spell: Iskenderun's Mystic Blast
  1592 | D:3      | Learned a level 5 spell: Irradiate
  1632 | D:3      | Reached XP level 6. HP: 36/36 MP: 11/14
  2377 | D:4      | Noticed a sky beast
  2417 | D:3      | Killed a sky beast
  2418 | D:3      | Reached skill level 5 in Spellcasting
  2540 | D:4      | Found a staircase to the Ecumenical Temple.
  2540 | D:4      | Noticed a sky beast
  2550 | D:4      | Reached XP level 7. HP: 37/42 MP: 2/16
  2551 | D:4      | Quit the game

Skill      XL: |  1  2  3  4  5  6 |
---------------+-------------------+-----
Conjurations   | 5 7 |  7.9
Dodging        | 3 |  3.7
Spellcasting   | 3 4 5 |  5.2
Fighting       | |  0.6
Stealth        | |  1.8
Transmutations | |  0.9

Action                   |  1- 3 |  4- 6 |  7- 9 || total
-------------------------+-------+-------+-------++-------
Melee: Mace              |       |     1 |       ||     1
 Cast: Magic Dart        |    45 |    18 |       ||    63
       Searing Ray       |     1 |     1 |       ||     2
       Iskenderun's Myst |       |    64 |     1 ||    65
  Use: Scroll            |     1 |     4 |       ||     5
  Eat: Chunk             |       |     6 |       ||     6
Armor: Skin              |     2 |     6 |       ||     8
Dodge: Dodged            |    15 |    26 |     1 ||    42
Block: Other             |       |     2 |       ||     2
